 Dungeon Crawl Stone Soup version 0.28-b1-70-g80dc712255 (webtiles) character file.

Game seed: 14901874515264830157

8838 zeram the Basher (level 11, -26/83 HPs)
             Began as a Gargoyle Fighter on Feb 4, 2022.
             Was an Initiate of Gozag.
             Annihilated by a white ugly thing (27 damage)
             ... on level 10 of the Dungeon.
             The game lasted 00:19:50 (12964 turns).

zeram the Basher (Gargoyle Fighter)                Turns: 12964, Time: 00:19:50

Health: -26/83     AC: 21    Str: 25    XL:     11   Next: 37%
Magic:  11/11      EV: 10    Int:  8    God:    Gozag
Gold:   177        SH: 11    Dex:  9    Spells: 10/10 levels left

rFire   . . .      SeeInvis .   d - +3 mace of Famine {venom, rCorr}
rCold   . . .      Faith    .   E - +2 kite shield
rNeg    + . .      Spirit   .   b - +0 scale mail
rPois   ∞          Reflect  .   (no helmet)
rElec   +          Harm     .   w - +1 cloak
rCorr   +          Rampage  .   g - +1 pair of gloves
Will    .....                   (no boots)
Stlth   ..........              n - amulet of Vitality {Regen+ HP+15}
HPRegen 1.03/turn               (no ring)
MPRegen 0.12/turn               (no ring)

@: no status effects
A: sickness immunity, AC +8, negative energy resistance 1, electricity
resistance, torment resistance 1, petrification resistance
a: Renounce Religion, Potion Petition, Call Merchant, Bribe Branch


You were on level 10 of the Dungeon.
You worshipped Gozag.
Gozag was aware of your devotion.
You visited 2 branches of the dungeon, and saw 11 of its levels.

You collected 1496 gold pieces.
You spent 1238 gold pieces at shops.
You paid 81 gold pieces to Gozag.

Inventory:

Hand Weapons
 a - a +0 flail
 d - the +3 mace of Famine (weapon) {venom, rCorr}
   (You found it on level 5 of the Dungeon)

   It poisons the flesh of those it strikes.
   rCorr:     It protects you from acid and corrosion.
 h - a +1 whip of freezing
 u - a +0 flail of holy wrath
Missiles
 e - 2 throwing nets (quivered)
Armour
 b - a +0 scale mail (worn)
 c - a +0 buckler
 g - a +1 pair of gloves (worn)
 k - a +0 cloak
 w - a +1 cloak (worn)
 E - a +2 kite shield (worn)
Jewellery
 n - the amulet of Vitality (around neck) {Regen+ HP+15}
   (You bought it in a shop on level 3 of the Dungeon)

   [amulet of regeneration]

   HP:        It affects your health (+15).
   Regen:     It increases your rate of health regeneration.
 t - an amulet of guardian spirit
 x - an amulet of regeneration
Wands
 A - a wand of acid (8)
 B - a wand of flame (41)
 C - a wand of polymorph (2)
Potions
 f - 2 potions of mutation {unknown}
 i - 5 potions of curing
 j - 3 potions of flight
 l - 2 potions of cancellation
 m - 4 potions of brilliance
 o - a potion of resistance {unknown}
 p - 2 potions of degeneration
 r - a potion of attraction {unknown}
 v - a potion of haste {unknown}
 z - a potion of ambrosia


   Skills:
 + Level 7.9 Fighting
 + Level 10.7 Maces & Flails
 + Level 10.0 Armour
 + Level 5.0 Dodging
 + Level 7.7 Shields


You had 10 spell levels left.
You didn't know any spells.
Your spell library contained the following spells:

 Spells                   Type           Power      Damage    Failure   Level
 Summon Small Mammal      Summ           0%         N/A       92%         1
 Static Discharge         Conj/Air       0%         N/A       98%         2
 Call Canine Familiar     Summ           0%         N/A       100%        3
 Conjure Flame            Conj/Fire      0%         6-21      100%        3
 Ignite Poison            Fire/Tmut/Pois 0%         N/A       100%        3
 Summon Guardian Golem    Hex/Summ       0%         N/A       100%        3
 Tukima's Dance           Hex            0%         N/A       100%        3
 Dispel Undead            Necr           0%         3d6       100%        4
 Passage of Golubria      Tloc           0%         N/A       100%        4
 Sticky Flame             Conj/Fire      0%         2d3       100%        4
 Yara's Violent Unravell  Hex/Tmut       0%         3d3       100%        5


Dungeon Overview and Level Annotations

Branches:
Dungeon (10/15)            Temple (1/1) D:5
   Lair: D:8-11         Orc: D:9-12

Altars:
Ashenzari
Cheibriados
Dithmenos
Elyvilon
Fedhas
Gozag
Hepliaklqana
Kikubaaqudgha
Makhleb
Nemelex Xobeh
Okawaru
Qazlal
Sif Muna
Trog
Uskayaw
Vehumet
Wu Jian
Xom
Yredelemnul
Zin
The Shining One

Shops:
D:3 =[?[   D:5 *[   D:8 *   D:9 (


Innate Abilities, Weirdness & Mutations

You are immune to sickness and miasma.
Your stone body is resilient. (AC +8)
You are immune to poison.
You resist negative energy. (rN+)
You are resistant to electric shocks. (rElec)
You are resistant to unholy torment.
You are immune to petrification.


Message History

The white ugly thing stings you but does no damage.
You thump the white ugly thing!
The white ugly thing is lightly wounded.
The white ugly thing stings you. The white ugly thing freezes you!!
You hit the white ugly thing.
The white ugly thing is poisoned.
The white ugly thing is moderately wounded.
The white ugly thing stings you but does no damage.
You hit the white ugly thing.
The white ugly thing is moderately wounded.
You block the white ugly thing's attack.
You hit the white ugly thing.
The white ugly thing looks as sick as possible!
The white ugly thing is moderately wounded.
The white ugly thing stings you. The white ugly thing freezes you!
You sock the white ugly thing!
The white ugly thing is heavily wounded.
The white ugly thing stings you. The white ugly thing freezes you!!
You are too injured to fight recklessly!
You are too injured to fight recklessly!
You are too injured to fight recklessly!
You hit the white ugly thing but do no damage.
The white ugly thing looks as sick as possible!
The white ugly thing is heavily wounded.
You block the white ugly thing's attack.
You completely miss the white ugly thing.
The white ugly thing is heavily wounded.
The white ugly thing misses you.
You barely miss the white ugly thing.
The white ugly thing is heavily wounded.
The white ugly thing stings you. The white ugly thing freezes you!!
* * * LOW HITPOINT WARNING * * *
Okay, then.
You aren't carrying any scrolls.
Unknown command.
You aren't carrying any scrolls.
You feel better. The white ugly thing stings you!
* * * LOW HITPOINT WARNING * * *
The white ugly thing freezes you!!
You die...
Your body crumbles into a pile of gold.

# .# ####.##
....... ##
......# ..
.......
#.####.......
#.u@.<.......
......####.......
#.### .......
....... ####+#.


You could see a white ugly thing (extremely poisoned).

Vanquished Creatures
  A two-headed ogre (D:9)
  The ghost of WaxSun the Firebug, a novice OgFE (D:7)
  Pikel (D:6)
  An ugly thing (D:8)
  A kobold demonologist (D:8)
  A troll (D:6)
  A hornet (D:8)
  9 yaks
  A wyvern (D:4)
  3 steam dragons
  Eustachio (D:5)
  Menkaure (D:7)
  An acid dragon (D:8)
  A water moccasin (D:6)
  An ogre (D:6)
  2 ice beasts
  4 sky beasts
  2 centaurs
  A necrophage (D:6)
  4 lemures (D:5)
  3 phantoms
  9 kobold brigands
  A gnoll sergeant (D:7)
  3 bullfrogs
  A scorpion (D:7)
  2 wyvern zombies
  5 killer bees (D:7)
  A howler monkey (D:8)
  7 wights
  2 centaur zombies
  2 jellies
  3 hounds
  3 orc priests
  A centaur skeleton (D:6)
  3 bullfrog skeletons
  A gnoll shaman (D:7)
  7 iguanas
  6 orc wizards
  2 killer bee zombies
  A hound zombie (D:5)
  2 hound skeletons
  4 howler monkey zombies
  11 gnolls
  8 adders
  A shadow imp (D:8)
  A white imp (D:7)
  An adder zombie (D:5)
  3 worms (D:3)
  6 dart slugs
  15 orcs
  9 ball pythons
  11 endoplasms
  4 giant cockroaches
  6 hobgoblins
  7 jackals
  5 quokkas
  7 bats
  3 frilled lizards
  6 goblins
  9 kobolds
  5 rats
  A bush (D:1)
226 creatures vanquished.

Vanquished Creatures (others)
  4 demonic plants (D:1)
  5 fungi (D:1)
  7 plants (D:1)
  4 withered plants (D:1)
20 creatures vanquished.

Grand Total: 246 creatures vanquished

Notes
Turn   | Place    | Note
-------+----------+-------------------------------------------
     0 | D:1      | zeram the Gargoyle Fighter began the quest for the Orb.
     0 | D:1      | Reached XP level 1. HP: 14/14 MP: 1/1
    28 | D:1      | Reached XP level 2. HP: 13/19 MP: 2/2
   143 | D:1      | Found a faded altar of an unknown god.
   679 | D:1      | Reached XP level 3. HP: 22/23 MP: 3/3
  1455 | D:2      | Reached XP level 4. HP: 27/28 MP: 4/4
  1709 | D:2      | Reached skill level 1 in Dodging
  2496 | D:3      | Found Cumuweiw's Magic Scroll Boutique.
  2682 | D:3      | Found Egaqewn's Jewellery Shop.
  2686 | D:3      | Found Potoan's Antique Armour Shop.
  2736 | D:3      | Found Miet's Armour Shoppe.
  2816 | D:3      | Found Heizur's Antique Armour Shoppe.
  2838 | D:3      | Reached XP level 5. HP: 33/33 MP: 5/5
  2849 | D:3      | Bought a pair of glowing gloves for 142 gold pieces
  3057 | D:4      | Noticed a phantom
  3086 | D:4      | Killed a phantom
  3227 | D:4      | Noticed a wyvern
  3241 | D:4      | Killed a wyvern
  3242 | D:4      | Reached XP level 6. HP: 38/38 MP: 6/6
  3353 | D:4      | Reached XP level 7. HP: 39/43 MP: 7/7
  3719 | D:4      | Reached skill level 5 in Maces & Flails
  3755 | D:4      | Found a bloodstained altar of Trog.
  4237 | D:5      | Entered Level 5 of the Dungeon
  4324 | D:5      | Found Coho's Assorted Antiques.
  4440 | D:5      | Found a staircase to the Ecumenical Temple.
  4466 | Temple   | Entered the Ecumenical Temple
  4669 | Temple   | Became a worshipper of Gozag Ym Sagoz the Greedy
  4863 | D:5      | Found a burning altar of Makhleb.
  5033 | D:5      | Reached skill level 5 in Armour
  5256 | D:5      | Found Yjukhir's Armour Boutique.
  5427 | D:5      | Reached XP level 8. HP: 48/48 MP: 8/8
  5643 | D:5      | Noticed Eustachio
  5651 | D:5      | Reached skill level 5 in Shields
  5665 | D:5      | Killed Eustachio
  5666 | D:5      | Reached skill level 5 in Fighting
  5996 | D:5      | Identified the +3 mace of Famine {venom, rCorr}
  6172 | D:6      | Found an ancient bone altar of Kikubaaqudgha.
  6178 | D:6      | Noticed a troll
  6495 | D:6      | Noticed Pikel
  6879 | D:6      | Killed Pikel
  6880 | D:6      | Reached XP level 9. HP: 38/55 MP: 9/9
  7686 | D:7      | Found a sparkling altar of Nemelex Xobeh.
  7686 | D:7      | Found a glowing silver altar of Zin.
  7691 | D:7      | Found a glowing golden altar of the Shining One.
  7691 | D:7      | Found an iron altar of Okawaru.
  7694 | D:7      | Found an ornate altar of the Wu Jian Council.
  8123 | D:7      | Noticed Menkaure
  8128 | D:7      | Killed Menkaure
  8167 | D:7      | Found a stormy altar of Qazlal.
  8252 | D:7      | Found a basalt altar of Yredelemnul.
  8701 | D:7      | Reached XP level 10. HP: 38/61 MP: 5/10
  8750 | D:8      | Noticed WaxSun's ghost (novice OgFE)
  8750 | D:8      | Found a runed translucent gate.
  8750 | D:8      | Found a runed translucent gate.
  8750 | D:8      | Found a runed translucent gate.
  9216 | D:8      | Noticed a green ugly thing
  9236 | D:8      | Noticed a kobold demonologist
  9765 | D:8      | Killed a kobold demonologist
  9806 | D:8      | Killed a green ugly thing
 10173 | D:8      | Found Roept's Assorted Antiques.
 10180 | D:8      | Bought a potion of curing for 69 gold pieces
 11057 | D:8      | Reached XP level 11. HP: 61/67 MP: 11/11
 11064 | D:8      | Reached skill level 10 in Maces & Flails
 11090 | D:7      | Killed WaxSun's ghost
 11438 | D:9      | Found Baebip's Antique Weapon Boutique.
 11767 | D:9      | Noticed a two-headed ogre
 11778 | D:9      | HP: 2/68 [two-headed ogre (8)]
 11781 | D:9      | Killed a two-headed ogre
 11782 | D:9      | Reached skill level 10 in Armour
 12243 | D:9      | Found a white marble altar of Elyvilon.
 12246 | D:9      | Found a shadowy altar of Dithmenos.
 12574 | D:6      | Reached skill level 5 in Dodging
 12722 | D:3      | Bought the amulet of Vitality {Regen+ HP+15} for 1027 gold
                  | pieces
 12722 | D:3      | Found the amulet of Vitality {Regen+ HP+15}
 12953 | D:10     | Entered Level 10 of the Dungeon
 12953 | D:10     | Noticed a white ugly thing
 12963 | D:10     | HP: 3/83 [white ugly thing (27)]
 12964 | D:10     | HP: 1/83 [white ugly thing (8)]
 12964 | D:10     | Annihilated by a white ugly thing

Illustrated notes

Levels and vault maps discovered:
D:1:      psy_arrival_whirlpool, layout_loops_ring,
          shapermc_ecumenical_altar_gd, serial_forest,
          infiniplex_forest_clump_small, infiniplex_forest_pool,
          infiniplex_forest_lined_3_way, infiniplex_forest_corner_2,
          infiniplex_forest_split, infiniplex_forest_lined_ring,
          infiniplex_forest_clump_long
D:2:      minmay_door_path, layout_basic
D:3:      layout_rooms, serial_shops,
          nicolae_shop_temple_entry_statues_fountains, nicolae_diamond_shop,
          nicolae_shop_temple_entry_statues_fountains, nicolae_shop_crystal,
          shop_statue, minmay_starry_boxes
D:4:      layout_basic, lemuel_tele_altar
D:5:      layout_basic, mainiacjoe_overflow_24_doors, minmay_temple_entry_mist,
          serial_shops, nicolae_shop_overgrown_old_shop,
          nicolae_shop_advertising_works [nicolae_subvault_shop_adworks],
          uniq_eustachio
D:6:      layout_gridville, mainiacjoe_overflow_small_starburst, uniq_pikel
D:7:      layout_rooms, nicolae_overflow_squiral, grunt_temple_overflow_open,
          minmay_circle_x, uniq_menkaure
D:8:      cheibrodos_fzero, layout_basic, gammafunk_ghost_nasty_kobolds,
          kennysheep_small_square
D:9:      layout_roguey, chequers_temple_overflow_statue_of_worship,
          serial_shops, shop
D:10:     layout_basic, nicolae_ru_great_annihilating_truth, dpeg_lair_monsters,
          gammafunk_ghost_smash
Temple:   kb_temple_of_zot

Skill      XL: |  1  2  3  4  5  6  7  8  9 10 11 |
---------------+----------------------------------+-----
Dodging        | 1 2 3 4 5 |  5.0
Shields        | 4 5 6 7 |  7.7
Armour         | 4 5 7 8 9 10 | 10.0
Maces & Flails | 3 4 5 7 8 9 10 | 10.7
Fighting       | 4 5 6 7 |  7.9

Action                   |  1- 3 |  4- 6 |  7- 9 | 10-12 || total
-------------------------+-------+-------+-------+-------++-------
Melee: Flail             |    52 |       |    59 |       ||   111
       Whip              |   166 |   261 |   103 |       ||   530
       Mace              |       |       |   223 |   356 ||   579
Evoke: Wand              |       |       |       |     2 ||     2
  Use: Scroll            |       |     7 |     8 |     8 ||    23
       Potion            |       |     1 |     2 |     4 ||     7
 Stab: Distracted        |       |       |     1 |       ||     1
Armor: Scale mail        |    78 |   144 |   209 |   249 ||   680
Dodge: Dodged            |    53 |   107 |   180 |   180 ||   520
Block: Buckler           |    29 |    53 |    78 |    50 ||   210
       Kite shield       |       |       |       |    92 ||    92
